 Dungeon Crawl Stone Soup version 0.27-a0-1301-g128193abf8 (webtiles) character file.

Game seed: 12045439478450630130

956 Johnny the Magician (level 7, -15/44 HPs)
             Began as a Deep Elf Earth Elementalist on June 17, 2021.
             Was an Initiate of Dithmenos.
             Demolished by an ogre (22 damage)
             ... on level 5 of the Dungeon.
             The game lasted 00:04:26 (5919 turns).

Johnny the Magician (Deep Elf Earth Elementalist)   Turns: 5919, Time: 00:04:27

Health: -15/44     AC:  7    Str:  5    XL:     7   Next: 91%
Magic:  15/27      EV: 11    Int: 22    God:    Dithmenos [......]
Gold:   199        SH:  5    Dex: 15    Spells: 14/18 levels left

rFire    . . .     SeeInvis .   l - +1 dagger (freeze)
rCold    . . .     Faith    .   k - +0 buckler
rNeg     . . .     Spirit   .   r - +3 leather armour
rPois    .         Reflect  .   s - +1 hat
rElec    .         Harm     .   (no cloak)
rCorr    .         Rampage  .   (no gloves)
Will     .....                  (no boots)
Stlth    ++........             (no amulet)
HPRegen  0.14/turn              n - ring of magical power
MPRegen  0.20/turn              (no ring)

@: very slightly contaminated
A: no striking features
a: Renounce Religion


You were on level 5 of the Dungeon.
You worshipped Dithmenos.
Dithmenos was noncommittal.
You visited 1 branch of the dungeon, and saw 5 of its levels.

You collected 199 gold pieces.

Inventory:

Hand Weapons
 e - a +0 whip
 l - a +1 dagger of freezing (weapon)
Missiles
 c - 47 stones
 d - 3 curare-tipped darts
Armour
 b - a +0 pair of boots
 k - a +0 buckler (worn)
 r - a +3 leather armour (worn)
 s - a +1 hat (worn)
Jewellery
 n - a ring of magical power (left hand)
Wands
 j - a wand of iceblast (11)
Scrolls
 f - a scroll of silence {unknown}
 i - 2 scrolls of enchant weapon {unknown}
 q - a scroll of enchant armour {unknown}
Potions
 a - 2 potions of heal wounds
 g - a potion of flight
 h - 2 potions of curing
 m - 2 potions of invisibility
 p - a potion of ambrosia {unknown}


   Skills:
 * Level 4.7 Fighting
 - Level 2.4 Dodging
 - Level 2.4 Stealth
 + Level 3.0 Shields
 + Level 6.0 Spellcasting
 - Level 1.1 Transmutations
 + Level 5.5 Earth Magic


You had 14 spell levels left.
You knew the following spells:

 Your Spells              Type           Power      Damage    Failure   Level
a - Sandblast             Erth           60%        2d14      1%          1
b - Stone Arrow           Conj/Erth      36%        3d9       17%         3

Your spell library contained the following spells:

 Spells                   Type           Power      Damage    Failure   Level
 Passwall                 Tmut/Erth      17%        N/A       7%          2
 Magic Dart               Conj           24%        1d4       17%         1
 Searing Ray              Conj           12%        3d3       26%         2
 Petrify                  Tmut/Erth      21%        N/A       41%         4
 Dazzling Flash           Conj/Hex       12%        N/A       45%         3
 Lee's Rapid Deconstruct  Erth           15%        3d11*     45%         5
 Fulminant Prism          Conj/Hex       3%         3d6       86%         4
 Iskenderun's Mystic Bla  Conj/Tloc      6%         2d4       86%         4


Dungeon Overview and Level Annotations

Branches:
Dungeon (5/15)
 Temple: D:4-7

Altars:
Dithmenos
Elyvilon
Hepliaklqana

Shops:
D:3 [

Annotations:
D:5 Sigmund


Message History

You kill the hound!
Dithmenos accepts your kill.
Your Shields skill increases to level 3!
Your Spellcasting skill increases to level 6!
Casting: Sandblast (safe; 1% risk of failure)
Confirm with . or Enter, or press ? or * to list all spells.
You can't see any susceptible monsters within range! (Use Z to cast anyway.)
Casting: Sandblast (safe; 1% risk of failure)
Confirm with . or Enter, or press ? or * to list all spells.
You can't see any susceptible monsters within range! (Use Z to cast anyway.)
An ogre comes into view. It is wielding a +0 giant spiked club.
The ogre hits you with a +0 giant spiked club!
You see here a wand of mindburst (12).
Casting: Sandblast (safe; 1% risk of failure)
Confirm with . or Enter, or press ? or * to list all spells.
Aiming: Sandblast (safe; 1% risk of failure)
Press: ? - help, Shift-Dir - straight line, f - ogre
Aim: an ogre, wielding a +0 giant spiked club (91% to hit)
The blast of sand hits the ogre!
The ogre is moderately wounded.
Casting: Sandblast (safe; 1% risk of failure)
Confirm with . or Enter, or press ? or * to list all spells.
Aiming: Sandblast (safe; 1% risk of failure)
Press: ? - help, Shift-Dir - straight line, f/p - ogre
Aim: an ogre, wielding a +0 giant spiked club (moderately wounded, 91% to hit)
The blast of sand hits the ogre!
The ogre is severely wounded.
The ogre hits you with a +0 giant spiked club!
* * * LOW HITPOINT WARNING * * *
Casting: Sandblast (safe; 1% risk of failure)
Confirm with . or Enter, or press ? or * to list all spells.
Aiming: Stone Arrow (dangerous; 17% risk of failure)
Press: ? - help, Shift-Dir - straight line, f/p - ogre
Aim: an ogre, wielding a +0 giant spiked club (severely wounded, 85% to hit)
You miscast Stone Arrow.
You are very lightly contaminated with residual magic.
Nothing appears to happen.
The ogre hits you with a +0 giant spiked club!!
Ouch! That really hurt!
You die...

#.####...## . ...
.#.#....##)..# #. ..
..............##..
..##.........#......
#. ###.####..#......
#.# ##.###...#......
#..##..##.o.........
#...##.##....#......
#.@....#..#..#...##
#..?O##†.).###.#.....
.....#.####..##
#....##.
###...####..##
#.[.##.. ##.. #..).#
#...#._. ##. ##.###
##..##.. . ...
#...##. ......
##..... .......
##..##


You could see an ogre.

Vanquished Creatures
  Menkaure (D:5)
  An ice beast (D:4)
  3 ogres (D:4)
  2 scorpions
  A hound (D:5)
  An orc priest (D:5)
  A centaur skeleton (D:5)
  A bullfrog skeleton (D:5)
  A hound skeleton (D:5)
  A howler monkey zombie (D:4)
  A howler monkey skeleton (D:4)
  6 gnolls (D:3)
  4 adders
  An ufetubus (D:4)
  2 adder skeletons (D:4)
  5 worms
  2 dart slugs
  4 orcs
  4 ball pythons
  3 bats
  8 endoplasms
  A giant cockroach (D:4)
  16 goblins
  5 hobgoblins
  4 kobolds
  5 quokkas
  4 frilled lizards
  8 rats
96 creatures vanquished.

Vanquished Creatures (others)
  Ijyb (D:5)
  A quokka (D:5)
  A fungus (D:5)
3 creatures vanquished.

Grand Total: 99 creatures vanquished

Notes
Turn   | Place    | Note
-------+----------+-------------------------------------------
     0 | D:1      | Johnny the Deep Elf Earth Elementalist began the quest for
                  | the Orb.
     0 | D:1      | Reached XP level 1. HP: 10/10 MP: 6/6
   452 | D:1      | Reached XP level 2. HP: 4/16 MP: 6/8
   688 | D:1      | Reached skill level 1 in Fighting
   995 | D:1      | Found a faded altar of an unknown god.
  1686 | D:2      | Reached XP level 3. HP: 19/20 MP: 6/10
  1977 | D:2      | Learned a level 3 spell: Stone Arrow
  2285 | D:3      | Found Atotty Fast's Antique Armour Shoppe.
  2406 | D:3      | Reached XP level 4. HP: 11/26 MP: 11/11
  2774 | D:3      | Found a hazy altar of Hepliaklqana.
  2993 | D:3      | Reached skill level 1 in Shields
  3158 | D:3      | Reached skill level 4 in Spellcasting
  3814 | D:3      | Reached XP level 5. HP: 22/31 MP: 12/13
  4580 | D:4      | Noticed an ogre
  4588 | D:4      | Killed an ogre
  4663 | D:4      | Noticed an ogre
  4668 | D:4      | Killed an ogre
  4669 | D:4      | Reached XP level 6. HP: 27/37 MP: 15/15
  5168 | D:4      | Reached skill level 5 in Spellcasting
  5170 | D:4      | Reached XP level 7. HP: 32/42 MP: 16/16
  5246 | D:4      | Reached skill level 5 in Earth Magic
  5550 | D:5      | Entered Level 5 of the Dungeon
  5550 | D:5      | Noticed Sigmund
  5557 | D:5      | Noticed Ijyb
  5567 | D:5      | Noticed Menkaure
  5574 | D:5      | Killed Menkaure
  5779 | D:5      | Found a white marble altar of Elyvilon.
  5782 | D:5      | Found a shadowy altar of Dithmenos.
  5793 | D:5      | Became a worshipper of Dithmenos the Shadowed
  5898 | D:5      | Killed Ijyb
  5914 | D:5      | Reached skill level 6 in Spellcasting
  5919 | D:5      | Demolished by an ogre

Illustrated notes

Levels and vault maps discovered:
D:1:      lemuel_arrival_cross, layout_basic, basic_ecumenical_altar,
          minmay_tetromino_o4
D:2:      layout_basic
D:3:      cheibrodos_greedy_goblins, layout_loops_corners, lemuel_doored_altar,
          serial_shops, shop
D:4:      layout_gridville
D:5:      layout_cave_pools, elyvilon_altar_4, nicolae_qazlal_eye_of_the_storm,
          nicolae_dithmenos_through_a_glass_darkly, uniq_ijyb,
          uniq_crazy_yiuf_cottage, uniq_sigmund, uniq_menkaure

Skill      XL: |  1  2  3  4  5  6  7 |
---------------+----------------------+-----
Fighting       | 1 2 3 4 |  4.7
Shields        | 1 2 3 |  3.0
Spellcasting   | 4 5 6 |  6.0
Earth Magic    | 4 5 |  5.5
Dodging        | |  2.4
Stealth        | |  2.4
Transmutations | |  1.1

Action                   |  1- 3 |  4- 6 |  7- 9 || total
-------------------------+-------+-------+-------++-------
Melee: Whip              |     5 |       |       ||     5
       Unarmed           |     5 |       |       ||     5
       Dagger            |    48 |    81 |    12 ||   141
 Cast: Sandblast         |    25 |    65 |    38 ||   128
       Stone Arrow       |       |       |     6 ||     6
  Use: Scroll            |       |       |     6 ||     6
 Stab: Sleeping          |     6 |     3 |     1 ||    10
Armor: Robe              |    11 |     3 |       ||    14
       Leather armour    |       |    11 |     8 ||    19
Dodge: Dodged            |    39 |    60 |    13 ||   112
Block: Buckler           |     5 |    19 |     5 ||    29

Table legend: (Time is in decaauts)
 A = Elapsed time spent in this place.
 B = Non-inter-level travel time spent in this place.
 C = Inter-level travel time spent in this place.
 D = Time resting spent in this place.
 E = Time spent auto-exploring this place.
 F = Levels seen in this place.
 G = Mean time per level.
                   A        B        C        D        E       F      G
               +--------+--------+--------+--------+--------+-----+--------+
         Total |   5925 |   5820 |    105 |    644 |   4510 |   5 | 1185.0 |
       Dungeon |   5925 |   5820 |    105 |    644 |   4510 |   5 | 1185.0 |
               +--------+--------+--------+--------+--------+-----+--------+

Top non-repeatable levels by time:
     D:3: 1974 daAuts
     D:4: 1438 daAuts
     D:1: 1296 daAuts
     D:2: 846 daAuts
     D:5: 368 daAuts
